 Dungeon Crawl Stone Soup version 0.31-a0-278-g485e682e34 (webtiles) character file.

Game seed: 12081993566698800418

5019 AdnanSaban the Basher (level 10, -5/63 HPs)
             Began as a Gargoyle Fighter on July 16, 2023.
             Was a Follower of Okawaru.
             Slain by a wolf (8 damage)
             ... on level 9 of the Dungeon.
             The game lasted 00:15:10 (8836 turns).

AdnanSaban the Basher (Gargoyle Fighter)            Turns: 8836, Time: 00:15:11

Health: -5/63      AC: 31    Str: 25    XL:     10   Next: 55%
Magic:  10/10      EV:  9    Int:  8    God:    Okawaru [*.....]
Gold:   567        SH:  0    Dex: 15    Spells: 9/9 levels left

rFire   x . .        N - +3 dire flail
rCold   + + .        (shield currently unavailable)
rNeg    + . .        m - +0 ice dragon scales
rPois   ∞            A - +2 hat
rElec   +            C - +0 cloak of the Beekeeper {Dex+4}
rCorr   .            (no gloves)
SInv    .            (no boots)
Will    .....        (no amulet) Stlth
                     D - ring of Zuonoow {AC+4 Dex+2}
HPRegen 0.30/turn    F - +4 ring of protection
MPRegen 0.12/turn

%: no passive effects
@: no status effects
A: sickness immunity, AC +7, negative energy resistance 1, electricity
resistance, torment resistance 1, petrification resistance
a: Renounce Religion, Heroism


You were on level 9 of the Dungeon.
You worshipped Okawaru.
Okawaru was aware of your devotion.
You visited 2 branches of the dungeon, and saw 10 of its levels.

You collected 567 gold pieces.

Inventory:

Hand Weapons
 a - a +0 flail
 g - a +0 whip of electrocution
 N - a +3 dire flail (weapon)
Armour
 b - a +0 scale mail
 c - a +0 buckler
 f - a +0 kite shield
 m - +0 ice dragon scales (worn)
 A - a +2 hat (worn)
 C - the +0 cloak of the Beekeeper (worn) {Dex+4}
   (You found it on level 4 of the Dungeon)

   Dex:       It affects your dexterity (+4).
Jewellery
 n - an amulet of magic regeneration
 p - a ring of resist corrosion
 B - a ring of positive energy
 D - the ring of Zuonoow (left hand) {AC+4 Dex+2}
   (You found it on level 4 of the Dungeon)

   [ring of protection]

   AC:        It affects your AC (+4).
   Dex:       It affects your dexterity (+2).
 F - a +4 ring of protection (right hand)
Wands
 I - a wand of polymorph (11)
 O - a wand of flame (8)
 Q - a wand of paralysis (13)
Scrolls
 e - 2 scrolls of teleportation {unknown}
 h - 2 scrolls of identify {unknown}
 o - 4 scrolls of fog {unknown}
 q - a scroll of brand weapon {unknown}
 t - 2 scrolls of fear {unknown}
 u - a scroll of blinking {unknown}
 x - 2 scrolls of vulnerability {unknown}
 y - 2 scrolls of revelation {unknown}
 z - 2 scrolls of silence {unknown}
 E - 2 scrolls of enchant armour {unknown}
 G - a scroll of enchant weapon {unknown}
 H - 3 scrolls of poison {unknown}
 L - a scroll of amnesia {unknown}
 M - a scroll of butterflies {unknown}
 P - a scroll of immolation {unknown}
Potions
 d - 2 potions of might
 i - 3 potions of mutation {unknown}
 j - 2 potions of haste {unknown}
 k - 3 potions of berserk rage {unknown}
 l - a potion of enlightenment {unknown}
 r - 2 potions of lignification {unknown}
 s - 2 potions of attraction {unknown}
 v - 4 potions of curing {unknown}
 w - 2 potions of degeneration {unknown}
 J - 2 potions of resistance {unknown}
 K - a potion of brilliance {unknown}


   Skills:
 + Level 7.1 Fighting
 + Level 9.6 Maces & Flails
 + Level 8.5 Armour
 + Level 9.2 Shields


You had 9 spell levels left.
You didn't know any spells.
Your spell library contained the following spells:

 Spells                   Type           Power      Damage    Failure   Level
 Foxfire                  Conj/Fire      0%         2x1d4     71%         1
 Plasma Beam              Fire/Air       0%         2x1d10    100%        6
 Starburst                Conj/Fire      0%         6d3       100%        6


Dungeon Overview and Level Annotations

Branches:
Dungeon (9/15)             Temple (1/1) D:7            Lair (0/5) D:9
    Orc: D:9-12

Altars:
Ashenzari
Dithmenos
Gozag
Hepliaklqana
Kikubaaqudgha
Makhleb
Okawaru
Trog
Uskayaw
Xom
Yredelemnul
The Shining One

Shops:
D:7 =


Innate Abilities, Weirdness & Mutations

You are immune to sickness and miasma.
Your stone body is resilient. (AC +7)
You are immune to poison.
You resist negative energy. (rN+)
You are resistant to electric shocks. (rElec)
You are resistant to unholy torment.
You are immune to petrification.


Message History

The rime drake is moderately wounded.
The wolf bites you but does no damage. The wolf bites you.
The rime drake bites you but does no damage.
The wolf misses you. The wolf bites you but does no damage.
You bludgeon the rime drake!!
The rime drake is almost dead.
The rime drake breathes ice at you. The icy flash freeze hits you.
You partially resist.
You are encased in ice.
The wolf closely misses you.
You barely miss the rime drake.
The rime drake is almost dead.
The rime drake closely misses you. The wolf closely misses you.
The wolf bites you but does no damage.
The rime drake attacks as you move away!
The rime drake bites you but does no damage.
The wolf bites you. The wolf closely misses you. The wolf bites you.
The rime drake bites you. The wolf closely misses you.
The wolf bites you but does no damage. x2; The wolf bites you.
The wolf bites you but does no damage. The wolf closely misses you.
The wolf pauses to sniff the ground.
The wolf bites you but does no damage. The ice encasing you melts away.
The wolf bites you but does no damage. The wolf closely misses you.
The wolf misses you. The wolf closely misses you. The wolf bites you!
The ice beast hits you but does no damage.
The wolf attacks as you move away! The wolf bites you!
The wolf closely misses you. The wolf bites you.
* * * LOW HITPOINT WARNING * * *
The wolf attacks as you move away! The wolf bites you.
* * * LOW HITPOINT WARNING * * *
The wolf bites you!
* * * LOW HITPOINT WARNING * * *
The wolf attacks as you move away! The wolf bites you but does no damage.
The wolf bites you.
* * * LOW HITPOINT WARNING * * *
The wolf closely misses you. The wolf attacks as you move away!
The wolf bites you but does no damage. The wolf bites you!
You die...

....$..##.## ...
#....#.#...###...
.................
#..............#
#...........~.
#..........#.#
##.#Y.....##
#####hkY#~#.#
#>.@hh##### #
#.##### #.#
#####.#######
#.>.........#
#.###<####### #.#
#.# #.#


You could see a rime drake, an ice beast and 3 wolves.

Vanquished Creatures
  A two-headed ogre (D:6)
  An unseen horror (D:8)
  Grinder (D:3)
  Menkaure (D:4)
  A steam dragon (D:7)
  2 acid dragons
  2 sky beasts
  2 orc warriors
  2 ice beasts
  2 ogres
  2 centaurs
  2 phantoms
  2 kobold brigands
  Blork the orc (D:4)
  2 bullfrogs
  4 scorpions
  23 wights
  3 hounds
  2 jellies
  3 orc priests
  9 orc wizards
  Natasha (D:3)
  A sleepcap (D:5)
  Robin (D:2)
  8 adders
  3 gnolls (D:3)
  3 white imps
  An ufetubus (D:6)
  A worm (D:4)
  A dart slug (D:1)
  20 orcs
  2 endoplasms
  4 giant cockroaches
  15 goblins
  5 hobgoblins
  20 kobolds
  2 quokkas (D:1)
  6 ball pythons
  4 bats
  4 frilled lizards
  5 rats
175 creatures vanquished.

Notes
Turn   | Place    | Note
-------+----------+-------------------------------------------
     0 | D:1      | AdnanSaban the Gargoyle Fighter began the quest for the
                  | Orb.
     0 | D:1      | Reached XP level 1. HP: 14/14 MP: 1/1
    67 | D:1      | Reached XP level 2. HP: 15/19 MP: 2/2
  1039 | D:2      | Reached XP level 3. HP: 24/24 MP: 3/3
  1300 | D:2      | Noticed Robin
  1419 | D:2      | Killed Robin
  1420 | D:2      | Reached XP level 4. HP: 24/29 MP: 4/4
  1711 | D:2      | Found a faded altar of an unknown god.
  2304 | D:3      | Reached XP level 5. HP: 25/33 MP: 5/5
  2396 | D:3      | Found a glowing golden altar of the Shining One.
  2399 | D:3      | Found a shimmering altar of Xom.
  2403 | D:3      | Found a broken altar of Ashenzari.
  2416 | D:3      | Noticed Natasha
  2422 | D:3      | Killed Natasha
  2431 | D:3      | Noticed Grinder
  2442 | D:3      | Paralysed by Grinder for 2 turns
  2453 | D:3      | Killed Grinder
  2454 | D:3      | Reached XP level 6. HP: 25/39 MP: 6/6
  2800 | D:4      | Reached skill level 5 in Armour
  2800 | D:4      | Reached XP level 7. HP: 37/44 MP: 7/7
  2897 | D:4      | Reached skill level 5 in Maces & Flails
  2897 | D:4      | Reached skill level 5 in Shields
  2941 | D:4      | Noticed Menkaure
  2951 | D:4      | Killed Menkaure
  3336 | D:4      | Identified the +0 cloak of the Beekeeper {Dex+4}
  3353 | D:4      | Identified the ring of Zuonoow {AC+4 Dex+2}
  3405 | D:4      | Found a burning altar of Makhleb.
  3535 | D:4      | Noticed Blork the orc
  3549 | D:4      | Killed Blork the orc
  3685 | D:4      | Reached skill level 5 in Fighting
  3685 | D:4      | Reached XP level 8. HP: 48/49 MP: 8/8
  3871 | D:5      | Entered Level 5 of the Dungeon
  5083 | D:6      | Noticed a two-headed ogre
  5131 | D:6      | Killed a two-headed ogre
  5132 | D:6      | Reached XP level 9. HP: 34/55 MP: 9/9
  6735 | D:7      | Reached XP level 10. HP: 36/61 MP: 10/10
  6892 | D:7      | Found Pofaic's Jewellery Emporium.
  6954 | D:7      | Found a staircase to the Ecumenical Temple.
  7309 | D:7      | Found a shadowy altar of Dithmenos.
  7471 | Temple   | Entered the Ecumenical Temple
  7482 | Temple   | Became a worshipper of Warmaster Okawaru
  8294 | D:8      | Killed an unseen horror
  8294 | D:8      | Reached * piety under Okawaru
  8480 | D:8      | Found a hazy altar of Hepliaklqana.
  8824 | D:9      | Found a staircase to the Lair.
  8835 | D:9      | HP: 3/63 [wolf (4)]
  8836 | D:9      | Slain by a wolf

Illustrated notes

Levels and vault maps discovered:
D:1:      dpeg_arrival_rooms_with_view, layout_basic, serial_rivers,
          chequers_serial_rivers_room_a, chequers_serial_rivers_room_b,
          chequers_serial_rivers_micro_d, chequers_serial_rivers_large_a,
          chequers_serial_rivers_small_b
D:2:      layout_loops_corners, ebering_ecumenical_altar_box, uniq_robin
D:3:      layout_rooms, grunt_temple_overflow_diamond, uniq_grinder,
          uniq_natasha
D:4:      layout_layer_cave, mainiacjoe_overflow_brackets, uniq_blork_the_orc,
          uniq_menkaure
D:5:      minmay_skewed_foursquare, layout_loops_ring, dreamdust_wishing_well,
          minmay_misc_feat_tower, nicolae_underground_beach
D:6:      layout_basic
D:7:      layout_cave_pools, grunt_dithmenos_smoke_and_mirrors,
          minmay_temple_entry_glassed_door, serial_shops,
          nicolae_shop_gaudy_bauble
D:8:      layout_gridville, worldfamousw_hep_ancestral_shrine
D:9:      minmay_the_grid_triangle_9x9_recursive_2
          [minmay_the_grid_triangle_9x9_prize_insulated,
          minmay_the_grid_triangle_9x9_intruding_spiral,
          minmay_the_grid_triangle_9x9_odd_lines,
          minmay_the_grid_triangle_9x9_windchime], layout_loops_ring,
          kennysheep_mini, hellmonk_lair_entry_icy, david_orc_2,
          chequers_mini_garden, uniq_maurice
Temple:   eino_temple_water

Skill      XL: |  1  2  3  4  5  6  7  8  9 10 |
---------------+-------------------------------+-----
Armour         | 4 5 7 8 |  8.5
Shields        | 4 5 6 8 9 |  9.2
Maces & Flails | 3 4 5 7 8 9 |  9.6
Fighting       | 4 5 6 7 |  7.1

Action                     |  1- 3 |  4- 6 |  7- 9 | 10-12 || total
---------------------------+-------+-------+-------+-------++-------
  Melee: Flail             |    10 |       |       |       ||    10
         Whip              |    96 |   159 |   435 |   148 ||   838
         Dire flail        |       |       |       |    61 ||    61
 Armour: Scale mail        |     8 |       |       |       ||     8
         Ice dragon scales |    70 |    65 |   208 |   168 ||   511
  Dodge: Dodged            |    48 |    47 |    99 |    62 ||   256
  Block: Kite shield       |    49 |    53 |   184 |    43 ||   329

Table legend: (Time is in decaauts)
 A = Elapsed time spent in this place.
 B = Non-inter-level travel time spent in this place.
 C = Inter-level travel time spent in this place.
 D = Time resting spent in this place.
 E = Time spent auto-exploring this place.
 F = Levels seen in this place.
 G = Mean time per level.
                   A        B        C        D        E       F      G
               +--------+--------+--------+--------+--------+-----+--------+
         Total |   8771 |   8440 |    331 |    854 |   5835 |  10 |  877.1 |
       Dungeon |   8749 |   8434 |    315 |    854 |   5834 |   9 |  972.1 |
        Temple |     22 |      6 |     16 |      0 |      1 |   1 |   22.0 |
               +--------+--------+--------+--------+--------+-----+--------+

Top non-repeatable levels by time:
     D:6: 1494 daAuts
     D:4: 1364 daAuts
     D:8: 1283 daAuts
     D:1: 1076 daAuts
     D:5: 1043 daAuts
     D:2: 1039 daAuts
     D:7: 769 daAuts
     D:3: 651 daAuts
     D:9: 25 daAuts
  Temple: 22 daAuts
